 Dungeon Crawl Stone Soup version 0.25-a0-589-g1e14c549ee (webtiles) character file.

Game seed: 6766461314394628680, levelgen mode: deterministic

54 Gynju the Skirmisher (level 3, -5/29 HPs)
             Began as a Demonspawn Abyssal Knight on Mar 12, 2020.
             Was a Follower of Lugonu.
             Slain by Natasha (9 damage)
             ... on level 2 of the Dungeon.
             The game lasted 00:01:20 (1910 turns).

Gynju the Skirmisher (Demonspawn Abyssal Knight)    Turns: 1910, Time: 00:01:21

Health: -5/29      AC:  6    Str: 13    XL:     3   Next: 66%
Magic:  5/5        EV: 11    Int: 13    God:    Lugonu [*.....]
Gold:   38         SH:  0    Dex: 12    Spells: 2/2 levels left

rFire    . . .     SeeInvis .   a - +1 hand axe
rCold    . . .     Gourm    .   (no shield)
rNeg     . . .     Faith    .   b - +0 leather armour
rPois    .         Spirit   .   (no helmet)
rElec    .         Reflect  .   (no cloak)
rCorr    .         Harm     .   (no gloves)
MR       .....                  (no boots)
Stlth    +.........             (no amulet)
HPRegen  0.09/turn              (no ring)
MPRegen  0.09/turn              (no ring)

@: no status effects
A: thin metallic scales 2
a: Depart the Abyss, Renounce Religion


You were on level 2 of the Dungeon.
You worshipped Lugonu.
Lugonu was aware of your devotion.
You were not hungry.

You visited 1 branch of the dungeon, and saw 2 of its levels.
You visited the Abyss 1 time.

You collected 38 gold pieces.

Inventory:

Hand Weapons
 a - a +1 hand axe (weapon)
Armour
 b - a +0 leather armour (worn)
Scrolls
 e - 3 scrolls of identify {unknown}
 f - 2 scrolls of teleportation {unknown}
Potions
 d - a potion of might {unknown}
 g - a potion of invisibility {unknown}
 h - a potion of flight {unknown}
 i - a potion of brilliance {unknown}
 j - a potion of heal wounds {unknown}
Comestibles
 c - 3 rations
 k - a chunk of flesh


   Skills:
 + Level 3.5 Fighting
 + Level 2.5 Axes
 - Level 1.8 Armour
 - Level 1.0 Dodging
 + Level 3.5 Invocations


You had 2 spell levels left.
You didn't know any spells.
Your spell library was empty.

Dungeon Overview and Level Annotations

Branches:
Dungeon (2/15)

Altars:

Annotations:
D:2 Natasha


Innate Abilities, Weirdness & Mutations

You are mostly covered in thin metallic scales. (AC +3)


Message History

There is a stone staircase leading up here.
You are too injured to fight recklessly!
You are too injured to fight recklessly!
You are too injured to fight recklessly!
You slash Natasha!
Natasha is heavily wounded.
You hit the worm. Natasha claws you.
You hit Natasha.
Natasha is almost dead.
You hit the worm. Natasha claws you. The worm closely misses you.
You closely miss Natasha.
Natasha is almost dead.
You hit the worm. Natasha casts a spell at you. The magic dart hits you.
The worm bites you.
* * * LOW HITPOINT WARNING * * *
You closely miss Natasha.
Natasha is almost dead.
You hit the worm. Natasha claws you!
You die...

....#.............
♣.....>............#
♣.....(.............
♣♣..................
♣♣♣.♣.............)...
♣♣♣♣♣.................†...
......................†...
#........w............(..
#......@h...............
##.....#..............#.
.. ####................##.
.# ###.##...........#.# ..
#......##..######..# .
##.##.###...######.## #.
#..#...............#
#.##.##÷.##############
#....#...#####


You could see a worm and Natasha.

Vanquished Creatures
  2 adders
  An ooze (D:1)
  A dart slug (D:2)
  A leopard gecko (D:1)
  A ball python (D:2)
  A bat (D:2)
  2 giant cockroaches (D:1)
  3 goblins
  3 hobgoblins (D:1)
  4 jackals
  2 frilled lizards (D:2)
  3 kobolds
  4 rats
28 creatures vanquished.

Notes
Turn   | Place    | Note
-------+----------+-------------------------------------------
     0 | Abyss:1  | Gynju the Demonspawn Abyssal Knight began the quest for the
                  | Orb.
     0 | Abyss:1  | Reached XP level 1. HP: 18/18 MP: 2/2
     7 | Abyss:1  | Found a corrupted altar of Lugonu.
   127 | Abyss:1  | Noticed a crimson imp
   148 | Abyss:1  | Noticed a small abomination
   151 | D:1      | Escaped the Abyss
   340 | D:1      | Reached skill level 1 in Dodging
   777 | D:1      | Gained mutation: You are partially covered in thin metallic
                  | scales. (AC +2) [demonic ancestry]
   777 | D:1      | Reached XP level 2. HP: 18/24 MP: 4/4
  1269 | D:1      | Reached * piety under Lugonu
  1412 | D:1      | Gained mutation: You are mostly covered in thin metallic
                  | scales. (AC +3) [demonic ancestry]
  1412 | D:1      | Reached XP level 3. HP: 16/29 MP: 5/5
  1718 | D:2      | Noticed Natasha
  1910 | D:2      | Slain by Natasha

Levels and vault maps discovered:
D:1:      moated_graveyard_arrival, layout_basic, serial_bayou,
          serial_bayou_pond_d, serial_bayou_pond_d, serial_bayou_crossing,
          serial_bayou_ford_a
D:2:      layout_rooms, first_ration, chequers_ecumenical_altar_grove,
          fedhas_altar_fruit_tree, uniq_natasha

Skill      XL: |  1  2 |
---------------+-------+-----
Dodging        | 1 |  1.0
Axes           | 2 |  2.5
Invocations    | 3 |  3.5
Fighting       | |  3.5
Armour         | |  1.8

Action                   || total
-------------------------++-------
Melee: Hand axe          ||   105
Invok: Depart the Abyss  ||     1
  Eat: Chunk             ||     3
Armor: Leather armour    ||    42
Dodge: Dodged            ||    85

Table legend:
 A = Non-vault XP
 B = Vault XP
 C = Vault XP percentage of total XP
 D = Non-vault monster count
 E = Vault monster count
 F = Vault count percentage of total count
                 A         B        C        D         E       F
            +---------+---------+-------+---------+---------+-------
      Total |      78 |       0 |   0.0 |      28 |       0 |   0.0
            +---------+---------+-------+---------+---------+-------
        D:1 |      47 |       0 |   0.0 |      17 |       0 |   0.0
        D:2 |      31 |       0 |   0.0 |      11 |       0 |   0.0
            +---------+---------+-------+---------+---------+-------
